 Dungeon Crawl Stone Soup version 0.30.0-5-g1a98f26d00 (webtiles) character file.

Game seed: 2765268549993459571

846 hogiebunz the Cleaver (level 7, -1/61 HPs)
             Began as a Minotaur Fighter on May 8, 2023.
             Was an Initiate of Qazlal.
             Succumbed to a water moccasin's poison
             ... on level 6 of the Dungeon.
             The game lasted 00:18:58 (2750 turns).

hogiebunz the Cleaver (Minotaur Fighter)            Turns: 2750, Time: 00:18:58

Health: -1/61      AC:  5    Str: 22    XL:     7   Next: 68%
Magic:  15/15      EV:  6    Int:  5    God:    Qazlal [......]
Gold:   255        SH:  4    Dex: 10    Spells: 6/6 levels left

rFire   + . .        a - +0 war axe
rCold   x . .        c - +0 buckler
rNeg    . . .        j - +0 plate armour
rPois   .            (helmet restricted)
rElec   .            (no cloak)
rCorr   .            (no gloves)
SInv    .            l - +0 pair of boots
Will    .....        (no amulet) Stlth
                     g - ring of magical power
HPRegen 0.30/turn    i - ring of fire
MPRegen 0.14/turn

%: no passive effects
@: lethally poisoned (-1 -> -9), corroded
A: horns 2, retaliatory headbutt
a: Renounce Religion


You were on level 6 of the Dungeon.
You worshipped Qazlal.
Qazlal was noncommittal.
You visited 1 branch of the dungeon, and saw 6 of its levels.

You collected 255 gold pieces.

Inventory:

Hand Weapons
 a - a +0 war axe (weapon)
 f - a +0 sling
Missiles
 e - 17 stones (quivered)
Armour
 c - a +0 buckler (worn)
 j - a +0 plate armour (worn)
 l - a +0 pair of boots (worn)
 w - a scarf of harm
Jewellery
 g - a ring of magical power (left hand)
 i - a ring of fire (right hand)
Scrolls
 b - 5 scrolls of identify
 k - 2 scrolls of teleportation
 m - 2 scrolls of fear {unknown}
 t - 2 scrolls of blinking {unknown}
 v - 2 scrolls of enchant weapon {unknown}
 x - 2 scrolls of vulnerability {unknown}
 y - a scroll of torment {unknown}
Potions
 d - 5 potions of might
 h - 2 potions of haste {unknown}
 n - a potion of berserk rage {unknown}
 o - a potion of magic {unknown}
 p - a potion of lignification {unknown}
 q - a potion of cancellation {unknown}
 r - 3 potions of mutation {unknown}
 s - a potion of heal wounds {unknown}
 u - a potion of curing {unknown}


   Skills:
 + Level 5.5 Fighting
 + Level 8.2 Axes
 + Level 5.6 Armour
 + Level 0.4 Dodging
 + Level 4.7 Shields


You had 6 spell levels left.
You didn't know any spells.
Your spell library contained the following spells:

 Spells                   Type           Power      Damage    Failure   Level
 Beastly Appendage        Tmut           0%         N/A       100%        1
 Wereblood                Tmut           0%         N/A       100%        2
 Dazzling Flash           Conj/Hex       0%         N/A       100%        3
 Frozen Ramparts          Ice            0%         1d1       100%        3
 Gell's Gravitas          Tloc           0%         N/A       100%        3
 Spider Form              Tmut/Pois      0%         N/A       100%        3
 Teleport Other           Tloc           0%         N/A       100%        3
 Volatile Blastmotes      Fire/Tloc      0%         2d10      100%        3
 Ice Form                 Ice/Tmut       0%         N/A       100%        4
 Iskenderun's Mystic Bla  Conj/Tloc      0%         2d3       100%        4
 Summon Ice Beast         Ice/Summ       0%         N/A       100%        4
 Agony                    Necr           0%         N/A       100%        5
 Silence                  Hex/Air        0%         N/A       100%        5
 Dispersal                Tloc           0%         N/A       100%        6
 Starburst                Conj/Fire      0%         6d3       100%        6


Dungeon Overview and Level Annotations

Branches:
Dungeon (6/15)
 Temple: D:4-7

Altars:
Qazlal

Shops:
D:2 (


Innate Abilities, Weirdness & Mutations

You have a pair of horns on your head.
You reflexively headbutt those who attack you in melee.


Message History

The water moccasin poisons you!
You hit the water moccasin.
You headbutt the water moccasin, but do no damage.
The water moccasin is almost dead.
You feel very sick. The water moccasin closely misses you.
The water moccasin bites you.
You are more poisoned.
The water moccasin poisons you!
You hit the water moccasin but do no damage.
The water moccasin is almost dead.
You feel extremely sick. The water moccasin bites you.
You are lethally poisoned!
The water moccasin poisons you!
The water moccasin completely misses you.
You closely miss the water moccasin.
The water moccasin is almost dead.
You feel extremely sick.
The water moccasin bites you but does no damage.
You miss the water moccasin.
Your headbutt misses the water moccasin.
The water moccasin is almost dead.
* * * LOW HITPOINT WARNING * * *
You feel very sick. You block the water moccasin's attack.
The water moccasin closely misses you.
You slash the water moccasin!
You kill the water moccasin!
Qazlal accepts your kill.
* * * LOW HITPOINT WARNING * * *
You feel very sick.
Your Axes skill increases to level 8!
* * * LOW HITPOINT WARNING * * *
You feel very sick.
You see here a water moccasin corpse.
* * * LOW HITPOINT WARNING * * *
You feel very sick.
As you read the scroll labelled QUFAHE QAEX, it crumbles to dust.
It is a scroll of identify.
k - 2 scrolls of teleportation You die...

.. . ... . ..#
.##.# ...# ...
#..#
....###..#
.......@.#
...###..†#####
............#
.######.###.#
.... #.#
#.#...#.#
#######.#####
#...........#
#.#####.###.#


There were no monsters in sight!

Vanquished Creatures
  A water moccasin (D:6)
  A black bear (D:5)
  An ogre (D:4)
  A phantom (D:4)
  A scorpion (D:4)
  3 jellies
  2 hounds (D:5)
  2 orc priests (D:4)
  A sleepcap (D:4)
  Natasha (D:3)
  An iguana (D:5)
  Robin (D:3)
  3 adders
  A white imp (D:5)
  A worm (D:3)
  5 dart slugs
  8 orcs
  A ball python (D:2)
  3 endoplasms
  A giant cockroach (D:4)
  21 goblins
  9 hobgoblins
  3 jackals (D:3)
  8 quokkas
  6 bats
  3 frilled lizards
  3 kobolds
  2 rats
94 creatures vanquished.

Vanquished Creatures (others)
  A rat (D:2)
1 creature vanquished.

Grand Total: 95 creatures vanquished

Notes
Turn   | Place    | Note
-------+----------+-------------------------------------------
     0 | D:1      | hogiebunz the Minotaur Fighter began the quest for the Orb.
     0 | D:1      | Reached XP level 1. HP: 19/19 MP: 0/0
   205 | D:1      | Reached XP level 2. HP: 26/27 MP: 1/1
   842 | D:2      | Reached XP level 3. HP: 31/33 MP: 2/2
   923 | D:2      | Reached skill level 3 in Axes
  1128 | D:2      | Found Hutorax's Weapon Emporium.
  1345 | D:3      | Noticed Natasha
  1374 | D:3      | Killed Natasha
  1375 | D:3      | Reached XP level 4. HP: 20/41 MP: 3/3
  1385 | D:3      | Noticed Robin
  1415 | D:3      | Killed Robin
  1416 | D:3      | Reached skill level 4 in Axes
  1519 | D:4      | Noticed a phantom
  1525 | D:4      | Reached XP level 5. HP: 36/47 MP: 4/4
  1537 | D:4      | Killed a phantom
  1538 | D:4      | Reached skill level 5 in Axes
  1565 | D:4      | Reached skill level 5 in Armour
  1565 | D:4      | Reached XP level 6. HP: 47/55 MP: 5/5
  1697 | D:4      | Reached skill level 5 in Fighting
  1698 | D:4      | Reached skill level 6 in Axes
  1993 | D:5      | Entered Level 5 of the Dungeon
  2005 | D:5      | Reached skill level 7 in Axes
  2005 | D:5      | Reached XP level 7. HP: 60/61 MP: 6/6
  2036 | D:5      | Found a stormy altar of Qazlal.
  2051 | D:5      | Became a worshipper of Qazlal Stormbringer
  2748 | D:6      | Reached skill level 8 in Axes
  2749 | D:6      | HP: 1/61 [poisoned by a water moccasin]
  2750 | D:6      | Succumbed to a water moccasin's poison

Illustrated notes

Levels and vault maps discovered:
D:1:      erik_arrival_blinker_ship, layout_basic
D:2:      layout_rooms, serial_shops, shop, shop, chequers_big_river,
          uniq_jessica
D:3:      layout_loops_ring, serial_shops, nicolae_shop_behind_doors,
          uniq_robin, uniq_ijyb, uniq_natasha
D:4:      layout_cave_pools, minivault_14
D:5:      lemuel_ice_spiral_2, layout_basic, mainiacjoe_overflow_paths
D:6:      layout_basic, grunt_dithmenos_smoke_and_mirrors

Skill      XL: |  1  2  3  4  5  6  7 |
---------------+----------------------+-----
Fighting       | 4 5 |  5.5
Armour         | 4 5 |  5.6
Shields        | 4 |  4.7
Axes           | 3 4 5 7 8 |  8.2
Dodging        | |  0.4

Action                     |  1- 3 |  4- 6 |  7- 9 || total
---------------------------+-------+-------+-------++-------
  Melee: War axe           |    92 |    92 |    40 ||   224
         Headbutt          |    12 |    13 |     7 ||    32
  Throw: Stone             |     1 |       |       ||     1
    Use: Scroll            |       |       |     1 ||     1
 Armour: Scale mail        |    31 |       |       ||    31
         Plate armour      |    27 |    76 |    23 ||   126
  Dodge: Dodged            |    44 |    31 |    18 ||    93
  Block: Buckler           |    10 |    28 |     8 ||    46
